[Event "ICC tourney 2626 (40 10)"]
[Site "Internet Chess Club"]
[Date "2021.07.10"]
[Round "4"]
[White "LI, EDWARD:ScoutViolet"]
[Black "MAR, RACHAEL YUNXI:KittiesRock18"]
[Result "0-1"]
[ICCResult "White resigns"]
[WhiteElo "1607"]
[BlackElo "1935"]
[Opening "Sicilian"]
[ECO "B56"]
[NIC "SI.25"]
[Time "17:46:25"]
[TimeControl "2400+10"]

1. e4 c5 2. Nf3 d6 3. d4 cxd4 4. Nxd4 Nf6 5. Nc3 Nc6 6. f3 e6 7. Be3 d5 8.
exd5 Nxd5 9. Nxd5 Qxd5 10. Bb5 Bd7 11. c4 Qe5 12. Qd2 Bb4 {White resigns}
0-1

[Event "ICC tourney 2626 (40 10)"]
[Site "Internet Chess Club"]
[Date "2021.07.10"]
[Round "4"]
[White "MARKOVIC, GORAN:Goran21"]
[Black "CHENG, Claire:Clairehouses"]
[Result "1/2-1/2"]
[ICCResult "Game drawn by repetition"]
[WhiteElo "1980"]
[BlackElo "1811"]
[Opening "Sicilian: Sozin with ...a6 and ...b5"]
[ECO "B87"]
[NIC "SI.13"]
[Time "17:46:21"]
[TimeControl "2400+10"]

1. e4 c5 2. Nf3 d6 3. d4 cxd4 4. Nxd4 Nf6 5. Nc3 a6 6. Bc4 e6 7. Bb3 b5 8.
f4 Bb7 9. f5 e5 10. Nf3 Be7 11. Qd3 Nbd7 12. Be3 O-O 13. O-O-O b4 14. Nd5
Bxd5 15. Bxd5 Nxd5 16. exd5 a5 17. g4 a4 18. Kb1 a3 19. b3 Rc8 20. g5 Qc7
21. Rc1 Qc3 22. Qxc3 Rxc3 23. Rhe1 Nb6 24. Rcd1 Rfc8 25. Re2 f6 26. g6 Bd8
27. gxh7+ Kxh7 28. Ne1 Ra8 29. Bxb6 Bxb6 30. Nd3 Bc5 31. Re4 Rb8 32. Rd2 Rb5
33. Rg2 Bd4 34. h3 Rc8 35. Reg4 Rc7 36. h4 Rcb7 37. h5 Bc3 38. h6 gxh6 39.
Rg6 Rxd5 40. Rh2 Rg7 41. Rhxh6+ Kg8 42. Rxg7+ Kxg7 43. Rh4 Rd4 44. Rh3 e4
45. Rg3+ Kf7 46. Nc1 Rd1 47. Rg7+ Ke8 48. Re7+ Kf8 49. Rf7+ Ke8 50. Re7+ Kd8
51. Rd7+ Kc8 52. Rc7+ Kd8 53. Rd7+ Ke8 54. Re7+ Kd8 55. Rd7+
{Game drawn by repetition}
1/2-1/2

[Event "ICC tourney 2626 (40 10)"]
[Site "Internet Chess Club"]
[Date "2021.07.10"]
[Round "4"]
[White "HEBDEN, MARK L:mhebden"]
[Black "CHUBAKOV, SULTAN:schubakov"]
[Result "1-0"]
[ICCResult "Black resigns"]
[WhiteElo "2503"]
[BlackElo "2100"]
[Opening "QGD Slav: 4.e3 Bf5"]
[ECO "D12"]
[NIC "QP.08"]
[Time "17:46:12"]
[TimeControl "2400+10"]

1. d4 d5 2. Nf3 Nf6 3. c4 c6 4. e3 Bf5 5. cxd5 cxd5 6. Qb3 Nc6 7. Qxb7 Bd7
8. Qb3 Rb8 9. Qd1 Qc7 10. Nc3 e5 11. dxe5 Nxe5 12. Be2 Bb4 13. O-O Bxc3 14.
bxc3 Qxc3 15. Bd2 Nxf3+ 16. Bxf3 Qa3 17. Qc1 Qa6 18. Qc5 Rc8 19. Qb4 Qb5 20.
Rfc1 Rc4 21. Rxc4 dxc4 22. Qxb5 Bxb5 23. Rb1 {Black resigns} 1-0

[Event "ICC tourney 2626 (40 10)"]
[Site "Internet Chess Club"]
[Date "2021.07.10"]
[Round "4"]
[White "Kulkarni, Tanush:TeeKay2020"]
[Black "MOERLIEN, PUWIT SKY:SuperBlueSky"]
[Result "0-1"]
[ICCResult "White resigns"]
[WhiteElo "1765"]
[BlackElo "1652"]
[Opening "Giuoco Piano"]
[ECO "C50"]
[NIC "IG.02"]
[Time "17:46:28"]
[TimeControl "2400+10"]

1. e4 e5 2. Nf3 Nc6 3. Bc4 Bc5 4. O-O Nf6 5. d3 d6 6. c3 a6 7. b4 Ba7 8. a4
O-O 9. Qb3 h6 10. Re1 Qe7 11. Ra2 Be6 12. Nbd2 Ng4 13. Nf1 Bxc4 14. Qxc4 Qe6
15. Ne3 Bxe3 16. Bxe3 Qxc4 17. dxc4 Nxe3 18. Rxe3 f5 19. Nd2 f4 20. Re2 g5
21. Nb3 f3 22. Re3 fxg2 23. Kxg2 Ne7 24. Nc1 Ng6 25. Ne2 Nf4+ 26. Nxf4 Rxf4
27. f3 Raf8 28. h3 h5 29. a5 Kg7 30. Kg3 Kg6 31. b5 g4 32. hxg4 hxg4 33.
fxg4 Kg5 34. Kg2 Rxg4+ 35. Rg3 Rf4 36. Re2 Rxg3+ 37. Kxg3 Rf1 38. bxa6 bxa6
39. Rb2 Rc1 40. Rb3 Kf6 41. Ra3 Ke6 42. Kf3 Kd7 43. Ke3 Kc6 44. Kd2 Rh1 45.
Kd3 Rh3+ 46. Kd2 Rh2+ 47. Kd3 Kc5 48. Ra4 Rg2 49. Ke3 Rg3+ 50. Kd2 Rf3 51.
Rb4 Rf2+ 52. Kd3 Ra2 53. Rb7 Kc6 54. Rb2 Rxb2 {White resigns} 0-1

[Event "ICC tourney 2626 (40 10)"]
[Site "Internet Chess Club"]
[Date "2021.07.10"]
[Round "4"]
[White "SRIRAM, SHRAVAN:chickenlord999"]
[Black "MAHESHWARI, JAYANT:cooljay"]
[Result "1-0"]
[ICCResult "Black resigns"]
[WhiteElo "1577"]
[BlackElo "1977"]
[Opening "Nimzo-Indian defense"]
[ECO "E20"]
[NIC "NI.30"]
[Time "17:46:21"]
[TimeControl "2400+10"]

1. d4 Nf6 2. c4 e6 3. Nc3 Bb4 4. Bf4 b6 5. Nf3 Bb7 6. e3 c5 7. Bd3 d5 8. O-O
Bxc3 9. bxc3 Nc6 10. cxd5 Nxd5 11. Qd2 Nxf4 12. exf4 cxd4 13. cxd4 O-O 14.
Qd1 g6 15. Be4 Rc8 16. Qa4 Qd7 17. Rfd1 Rfd8 18. d5 Ne5 19. Qxd7 Nxf3+ 20.
Bxf3 Rxd7 21. dxe6 Rxd1+ 22. Rxd1 Bxf3 23. exf7+ Kxf7 24. gxf3 Ke6 25. Kg2
Rc2 26. a3 Rc3 27. Re1+ Kf5 28. Re3 Rc4 29. Re7 Ra4 30. Rxh7 Kxf4 31. Rh4+
{Black resigns}
1-0

[Event "ICC tourney 2626 (40 10)"]
[Site "Internet Chess Club"]
[Date "2021.07.10"]
[Round "4"]
[White "ERANKI, PRADYUMN:prady2008"]
[Black "TRANDAFIR, STEFAN:trandaferrari"]
[Result "0-1"]
[ICCResult "White checkmated"]
[WhiteElo "578"]
[BlackElo "1951"]
[Opening "Sicilian: Pelikan, Chelyabinsk variation"]
[ECO "B33"]
[NIC "SI.37"]
[Time "17:46:20"]
[TimeControl "2400+10"]

1. e4 c5 2. Nf3 Nc6 3. d4 cxd4 4. Nxd4 Nf6 5. Nc3 e5 6. Ndb5 d6 7. Bg5 a6 8.
Na3 b5 9. Nd5 Be7 10. Bxf6 Bxf6 11. Nxf6+ Qxf6 12. Be2 O-O 13. O-O Bb7 14.
c3 Ne7 15. Bf3 Rad8 16. Qd3 d5 17. Rad1 dxe4 18. Qxd8 exf3 19. Qd7 Qg5 20.
g3 Bc8 21. Qd8 f5 22. Qd3 e4 23. Qe3 Qg4 24. Kh1 Rf6 25. Qf4 Qh3 26. Rg1 Rh6
27. Qxh6 Qxh6 28. Rd8+ Kf7 29. Rxc8 Nxc8 30. Rd1 e3 31. fxe3 Qxe3 32. Rd7+
Ne7 33. Rd1 Qe2 34. Rg1 f2 35. Ra1 Qf3# {White checkmated} 0-1

[Event "ICC tourney 2626 (40 10)"]
[Site "Internet Chess Club"]
[Date "2021.07.10"]
[Round "4"]
[White "REVESZ, GREGORY:GRevesz"]
[Black "SHAWKAT, SAIF:saif-shawkat"]
[Result "0-1"]
[ICCResult "White resigns"]
[WhiteElo "1979"]
[BlackElo "2055"]
[Opening "Center game"]
[ECO "C21"]
[NIC "KP.04"]
[Time "17:46:20"]
[TimeControl "2400+10"]

1. e4 e5 2. d4 exd4 3. Bc4 Nf6 4. e5 d5 5. Bb5+ Nfd7 6. Qxd4 c6 7. Bd3 Bc5
8. Qg4 Nxe5 9. Qxg7 Nxd3+ 10. cxd3 Qe7+ 11. Ne2 Qf8 12. Qe5+ Be6 13. Bh6 Nd7
14. Qh5 Qg8 15. O-O Bg4 16. Qg5 Qxg5 17. Bxg5 f6 18. Bh4 Kf7 19. Nf4 Ne5 20.
Nc3 Ng6 21. Bg3 h5 22. Nxg6 Kxg6 23. h3 Bf5 24. Rfd1 Rae8 25. d4 Bb6 26. h4
Re7 27. f3 Rhe8 28. a3 Bc2 29. Rd2 Bb3 30. Bd6 Re6 31. Bc5 Bc7 32. Bxa7 Bg3
33. Rf2 Bc4 34. Rb1 Re1+ {White resigns} 0-1

[Event "ICC tourney 2626 (40 10)"]
[Site "Internet Chess Club"]
[Date "2021.07.10"]
[Round "4"]
[White "SAMADASHVILI, MARTHA:ponytailchess"]
[Black "GUTLA, ARYAN:Aryangambit"]
[Result "1-0"]
[ICCResult "Black resigns"]
[WhiteElo "2312"]
[BlackElo "2070"]
[Opening "Sicilian: Canal-Sokolsky (Nimzovich-Rossolimo, Moscow) attack"]
[ECO "B51"]
[NIC "SI.01"]
[Time "17:46:24"]
[TimeControl "2400+10"]

1. e4 c5 2. Nf3 d6 3. Bb5+ Nd7 4. O-O Nf6 5. Re1 g6 6. c3 a6 7. Ba4 Bg7 8.
d4 O-O 9. Bc2 cxd4 10. cxd4 e5 11. Nc3 b5 12. a3 Bb7 13. dxe5 Nxe5 14. Nxe5
dxe5 15. Qxd8 Rfxd8 16. f3 Nd7 17. Rd1 Nb6 18. Bg5 Rd4 19. Ne2 Rxd1+ 20.
Rxd1 Rc8 21. Bb3 h6 22. Be3 Nc4 23. Bxc4 Rxc4 24. Rd8+ Kh7 25. Rd7 Rc2 26.
Nc3 Bc8 27. Rxf7 Rxb2 28. Re7 Rc2 29. Nd5 Rc6 30. Nc7 Kg8 31. Re8+ Kf7 32.
Rxc8 Bf8 33. Rxf8+ Kxf8 34. Bxh6+ Kf7 35. Nd5 a5 36. Bd2 b4 37. axb4 Rc2 38.
Bc3 a4 39. b5 a3 40. b6 a2 41. Bxe5 Rc1+ 42. Kf2 a1=Q 43. Bxa1 Rxa1 44. h4
Ke6 45. g4 Kd6 46. Kg3 Rg1+ 47. Kf4 Kc6 48. Ne7+ Kxb6 49. Nxg6 Kc6 50. Kg5
Kd6 51. f4 Ke6 52. f5+ Kf7 53. e5 Kg7 54. h5 {Black resigns} 1-0

[Event "ICC tourney 2626 (40 10)"]
[Site "Internet Chess Club"]
[Date "2021.07.10"]
[Round "4"]
[White "CAO, TIMOTHY:tcao"]
[Black "XIE, YULE:OctopusYule"]
[Result "1-0"]
[ICCResult "Black resigns"]
[WhiteElo "2065"]
[BlackElo "1845"]
[Opening "Ruy Lopez: closed, Bogolyubov variation"]
[ECO "C91"]
[NIC "RL.20"]
[Time "17:46:24"]
[TimeControl "2400+10"]

1. e4 e5 2. Nf3 Nc6 3. Bb5 a6 4. Ba4 Nf6 5. O-O Be7 6. Re1 b5 7. Bb3 d6 8.
c3 O-O 9. d4 Bg4 10. d5 Na5 11. Bc2 Qc8 12. h3 Bh5 13. b4 Nc4 14. Nbd2 Nxd2
15. Bxd2 c6 16. dxc6 Qxc6 17. a4 Nd7 18. Nxe5 Bxd1 19. Nxc6 Bxc2 20. Nxe7+
Kh8 21. a5 Rae8 22. Nf5 d5 23. Ne3 Bxe4 24. f3 d4 25. cxd4 Bb7 26. Nf5 Bd5
27. Ne7 Be6 28. d5 Rxe7 29. dxe6 Rxe6 30. Rxe6 fxe6 31. Rc1 Ne5 32. Rc5 Nc4
33. Bc3 Rd8 34. Rc6 Rd1+ 35. Kh2 Kg8 36. Rxa6 e5 37. Ra8+ Kf7 38. Rb8 Rc1
39. a6 Rxc3 40. a7 Nb6 41. Rb7+ Kf8 42. Rxb6 {Black resigns} 1-0

[Event "ICC tourney 2626 (40 10)"]
[Site "Internet Chess Club"]
[Date "2021.07.10"]
[Round "4"]
[White "LIU, PATRICK PEIJUN:JunlinTheWorld"]
[Black "Higgins, Sean M:higg1921"]
[Result "0-1"]
[ICCResult "White resigns"]
[WhiteElo "1851"]
[BlackElo "1441"]
[Opening "Queen's pawn game, Rubinstein (Colle-Zukertort) variation"]
[ECO "D05"]
[NIC "QP.08"]
[Time "17:46:25"]
[TimeControl "2400+10"]

1. d4 d5 2. Nf3 Nf6 3. e3 e6 4. Bd3 c5 5. b3 Nc6 6. a3 a6 7. O-O Be7 8. Bb2
O-O 9. Ne5 cxd4 10. exd4 Nxe5 11. dxe5 Nd7 12. f4 Qb6+ 13. Kh1 Nc5 14. Bd4
Qc7 15. Nd2 Nxd3 16. cxd3 Bd7 17. Bb2 Rac8 18. Rc1 Qa5 19. b4 Qb6 20. Nb3
Rxc1 21. Qxc1 Rc8 22. Qd2 h6 23. Bd4 Qd8 24. Bc5 Bxc5 25. Nxc5 Bc6 26. Nb3
Bb5 27. Rc1 Rxc1+ 28. Qxc1 Bxd3 29. Nc5 Be4 30. Nxb7 Qd7 31. Nd6 Kh7 32. h3
Qa4 33. Nxf7 Qb3 34. Nd6 Qxh3+ {White resigns} 0-1

[Event "ICC tourney 2626 (40 10)"]
[Site "Internet Chess Club"]
[Date "2021.07.10"]
[Round "4"]
[White "Kousen, Kenneth A:kenkousen"]
[Black "FAULKS, ANTHONY:BlackKnight8020"]
[Result "0-1"]
[ICCResult "White checkmated"]
[WhiteElo "1479"]
[BlackElo "1967"]
[Opening "Old Indian defense"]
[ECO "A42"]
[NIC "OI.07"]
[Time "17:46:23"]
[TimeControl "2400+10"]

1. d4 d6 2. c4 c6 3. Nc3 Qc7 4. Nf3 Nf6 5. Bg5 Bg4 6. e3 Nbd7 7. Be2 e5 8.
e4 Be7 9. dxe5 dxe5 10. O-O h6 11. Bh4 O-O 12. Qc2 Rad8 13. Rfd1 Rfe8 14.
Rd2 Nf8 15. Rad1 Ng6 16. Bg3 Nf4 17. Bxf4 exf4 18. Nd4 Bc5 19. f3 Bxd4+ 20.
Rxd4 Rxd4 21. Rxd4 Qb6 22. Qd2 Rd8 23. Nd5 cxd5 24. cxd5 Nxe4 25. fxe4 Bxe2
26. Kh1 f3 27. gxf3 Bxf3+ 28. Kg1 Bxe4 29. Kf1 Qb5+ 30. Ke1 Rxd5 31. a4 Rxd4
32. Qxd4 Qa5+ 33. Ke2 Qd5 34. Qc3 Qh5+ 35. Ke1 Qh4+ 36. Kd1 Qg4+ 37. Ke1
Qg1+ 38. Kd2 Qf2+ 39. Kc1 Qf4+ 40. Kd1 Bf3+ 41. Ke1 Qe4+ 42. Kf2 Qe2+ 43.
Kg3 Qg2+ 44. Kf4 g5+ 45. Kf5 Qg4+ 46. Ke5 Qf4# {White checkmated} 0-1

[Event "ICC tourney 2626 (40 10)"]
[Site "Internet Chess Club"]
[Date "2021.07.10"]
[Round "4"]
[White "GUILLEMETTE, HUGO:Heliosis"]
[Black "ZHANG, MULAN JIEMIN:Mulan2009"]
[Result "1/2-1/2"]
[ICCResult "Game drawn because neither player has mating material"]
[WhiteElo "1886"]
[BlackElo "1627"]
[Opening "French: advance, Paulsen attack"]
[ECO "C02"]
[NIC "FR.03"]
[Time "17:46:17"]
[TimeControl "2400+10"]

1. e4 e6 2. d4 d5 3. e5 c5 4. c3 Nc6 5. Nf3 Qb6 6. a3 cxd4 7. cxd4 Nge7 8.
Nc3 Nf5 9. Na4 Qc7 10. Be3 Be7 11. Bd3 Nxe3 12. fxe3 f6 13. exf6 Bxf6 14.
Nc3 a6 15. O-O O-O 16. Qc2 h6 17. Rac1 Qd6 18. Rf2 e5 19. Nxd5 exd4 20. exd4
Be6 21. Nxf6+ Rxf6 22. Qc3 Rc8 23. Bc4 Rd8 24. Rd2 Bd5 25. Bxd5+ Qxd5 26.
Qc4 Qxc4 27. Rxc4 Rfd6 28. a4 b5 29. axb5 axb5 30. Rc5 b4 31. Rc4 g5 32. d5
Ne7 33. Rxb4 Nxd5 34. Rbd4 Kf7 35. Ne5+ Ke6 36. Nc4 R6d7 37. g3 Kf6 38. Ne3
Nb6 39. Ng4+ Kg7 40. Rxd7+ Rxd7 41. Rxd7+ Nxd7 42. Kf2 h5 43. Ne3 Kf6 44.
Kf3 Ke5 45. Nc2 Kd5 46. Ke3 Ne5 47. Nb4+ Kc4 48. Ke4 Ng4 49. Nd3 Nxh2 50.
Nf2 Kb3 51. Kf5 Nf1 52. Ne4 Nxg3+ 53. Nxg3 h4 54. Nf1 Kxb2 55. Kxg5 h3 56.
Kg4 h2 57. Nxh2 {Game drawn because neither player has mating material}
1/2-1/2

[Event "ICC tourney 2626 (40 10)"]
[Site "Internet Chess Club"]
[Date "2021.07.10"]
[Round "4"]
[White "Chen, Henry:Bluebird1222"]
[Black "LANE, THOMAS COE:tclaneva"]
[Result "0-1"]
[ICCResult "White checkmated"]
[WhiteElo "1681"]
[BlackElo "1790"]
[Opening "Sicilian: Najdorf, Byrne (English) attack"]
[ECO "B90"]
[NIC "SI.14"]
[Time "17:46:23"]
[TimeControl "2400+10"]

1. e4 c5 2. Nf3 d6 3. d4 cxd4 4. Nxd4 Nf6 5. Nc3 a6 6. Be3 e6 7. f3 Nc6 8.
Qd2 Qc7 9. a4 Be7 10. Nb3 b6 11. g4 Bb7 12. Qf2 Nd7 13. Bd3 Rc8 14. O-O O-O
15. g5 Nb4 16. Rad1 Nc5 17. Nxc5 bxc5 18. Bc4 Rfd8 19. Bf4 Qa5 20. Qh4 g6
21. Qh6 Bf8 22. Qh3 d5 23. exd5 exd5 24. Bd3 c4 25. Be2 Nxc2 26. Rd2 Qb6+
27. Kh1 Ne3 28. Re1 Nf5 29. Be5 Qe3 30. Rdd1 Qxe5 31. Bxc4 Ne3 32. Bxd5 Bxd5
33. Rxd5 Rxd5 34. Qxc8 Rd2 35. Ne4 Qxh2# {White checkmated} 0-1

[Event "ICC tourney 2626 (40 10)"]
[Site "Internet Chess Club"]
[Date "2021.07.10"]
[Round "4"]
[White "Chakrabarti, Brejesh:Kochi222"]
[Black "CRG, Krishna:crg"]
[Result "1/2-1/2"]
[ICCResult "Game drawn by repetition"]
[WhiteElo "2066"]
[BlackElo "2577"]
[Opening "French: exchange variation"]
[ECO "C01"]
[NIC "FR.01"]
[Time "17:46:17"]
[TimeControl "2400+10"]

1. e4 e6 2. d4 d5 3. exd5 exd5 4. Nf3 Bd6 5. Bd3 Nc6 6. O-O Bg4 7. Re1+ Nge7
8. c3 f6 9. Nbd2 Qd7 10. Nf1 O-O-O 11. b4 Ng6 12. Ne3 Be6 13. a4 Nf4 14. Bf1
g5 15. a5 g4 16. Nd2 Rdg8 17. b5 Nb8 18. c4 f5 19. g3 Nh3+ 20. Bxh3 gxh3 21.
cxd5 Bf7 22. Qf3 f4 23. Nec4 fxg3 24. hxg3 h2+ 25. Kxh2 Bxd5 26. Nxd6+ Qxd6
27. Qf5+ Nd7 28. Ne4 Bxe4 29. Qxe4 Qg6 30. Qxg6 hxg6+ 31. Kg2 Rh5 32. Rb1
Rgh8 33. Be3 Rh2+ 34. Kf3 Nf6 35. b6 axb6 36. axb6 Rf8 37. Rec1 Nd5+ 38. Ke4
c6 39. Kd3 Rf3 40. Kc4 Nxe3+ 41. fxe3 Rxe3 42. Ra1 Rb2 43. Ra8+ Kd7 44. Rg8
Rxb6 45. Rxg6 Rbb3 46. g4 b5+ 47. Kc5 Rbc3+ 48. Rxc3 Rxc3+ 49. Kb6 b4 50.
Rg7+ Kd6 51. Ka5 b3 52. Rb7 Rg3 53. Ka4 Rxg4 54. Kxb3 Rxd4 55. Kc3 Rh4 56.
Kc2 Rh3 57. Rb4 Kd5 58. Rg4 c5 59. Rg5+ Kc4 60. Rg4+ Kb5 61. Rf4 Rg3 62. Re4
c4 63. Re8 Kb4 64. Rb8+ Kc5 65. Rc8+ Kb4 66. Rb8+ Kc5 67. Rc8+ Kb4 68. Rb8+
Kc5 69. Rc8+ Kb4 70. Rb8+ Kc5 71. Rc8+ Kb4 72. Rb8+ Kc5
{Game drawn by repetition}
1/2-1/2

[Event "ICC tourney 2626 (40 10)"]
[Site "Internet Chess Club"]
[Date "2021.07.10"]
[Round "4"]
[White "POTHURI, ABHIRAM SAI:chessasp"]
[Black "Gagliano, Ethan A:Percy101"]
[Result "1/2-1/2"]
[ICCResult "Game drawn by mutual agreement"]
[WhiteElo "1927"]
[BlackElo "1823"]
[Opening "French: Tarrasch, closed variation, main line"]
[ECO "C06"]
[NIC "FR.17"]
[Time "17:46:16"]
[TimeControl "2400+10"]

1. e4 e6 2. d4 d5 3. Nd2 Nf6 4. e5 Nfd7 5. Bd3 c5 6. c3 Nc6 7. Ne2 cxd4 8.
cxd4 f6 9. exf6 Nxf6 10. Nf3 Bd6 11. O-O Qc7 12. Ng3 O-O 13. Re1 e5 14. dxe5
Nxe5 15. Nxe5 Bxe5 16. Bg5 Bd7 17. Bxf6 Bxf6 18. Qh5 g6 19. Qxd5+ Kh8 20.
Ne4 Bc6 21. Qc4 Be5 22. Ng3 Bxb2 23. Rab1 Be5 24. Qh4 Rf4 25. Qg5 Bf6 26.
Qh6 Bg7 27. Qh3 Qf7 28. Ne4 Qd5 29. Rbd1 Raf8 30. Bb1 Qf5 31. Qxf5 R4xf5 32.
f3 Rd5 33. Rxd5 Bxd5 34. Rd1 Bc6 35. Kf2 {Game drawn by mutual agreement}
1/2-1/2

[Event "ICC tourney 2626 (40 10)"]
[Site "Internet Chess Club"]
[Date "2021.07.10"]
[Round "4"]
[White "OBERAI, VIKRAM:vober6"]
[Black "POWER, SEAN K:KnightHopper"]
[Result "1-0"]
[ICCResult "Black checkmated"]
[WhiteElo "1945"]
[BlackElo "2021"]
[Opening "Sicilian: dragon, Yugoslav attack, Rauser variation"]
[ECO "B76"]
[NIC "SI.17"]
[Time "17:46:20"]
[TimeControl "2400+10"]

1. e4 c5 2. Nf3 d6 3. d4 cxd4 4. Nxd4 Nf6 5. Nc3 g6 6. Be3 Bg7 7. f3 O-O 8.
Qd2 Nc6 9. O-O-O d5 10. Nxc6 bxc6 11. exd5 Nxd5 12. Nxd5 cxd5 13. Qxd5 Qc7
14. Qc5 Qb7 15. Qa3 Rb8 16. c3 Bf5 17. Ba6 Qc6 18. Bd3 Be6 19. Be4 Qc4 20.
Bd3 Qxa2 21. Qxa2 Bxa2 22. Rhe1 Rfc8 23. Bc2 a5 24. Bd4 Bh6+ 25. Be3 Bg7 26.
Bd4 Bh6+ 27. Be3 Bf8 28. Bf4 Rb6 29. Rd2 e6 30. Red1 Be7 31. Be3 Rb7 32. Rd7
Rxd7 33. Rxd7 Kf8 34. Bh6+ Ke8 35. Ba4 Rc4 36. Rd4+ Rxa4 37. Rxa4 Bb3 38.
Rxa5 Bd5 39. Be3 Bd6 40. h3 Bc4 41. h4 Bf1 42. Ra8+ Ke7 43. Ra7+ Ke8 44.
Ra8+ Ke7 45. Bg5+ Kd7 46. Rd8+ Kc6 47. Rh8 h5 48. g4 Be5 49. Rf8 hxg4 50.
fxg4 f6 51. Bxf6 Bf4+ 52. Kd1 Bh3 53. g5 e5 54. Ke2 Kd5 55. Rd8+ Ke4 56. b4
Bg3 57. Re8 Bd7 58. Re7 Bb5+ 59. Kd2 Kf5 60. Kc2 Bc4 61. Rc7 Bd3+ 62. Kxd3
e4+ 63. Ke3 Bxc7 64. c4 Bg3 65. c5 Bxh4 66. c6 Bg3 67. Bd8 Bf4+ 68. Ke2 Ke6
69. b5 Kd6 70. Bf6 Kc5 71. Bd8 Kd6 72. c7 Kd7 73. b6 Kc8 74. Bf6 Kb7 75. Kd1
Kc8 76. Kc2 Kb7 77. Kc3 Kc8 78. Kd4 e3 79. Kd3 Kb7 80. Ke2 Bh2 81. Bd4 Bg3
82. Bxe3 Be5 83. Kf3 Bc3 84. Ke4 Kc8 85. Kd5 Kb7 86. Ke6 Be1 87. Kd7 Bg3 88.
c8=Q# {Black checkmated} 1-0

[Event "ICC tourney 2626 (40 10)"]
[Site "Internet Chess Club"]
[Date "2021.07.10"]
[Round "4"]
[White "CHENG, MICHAEL NY:ningyuan131"]
[Black "Gaw, Chloe:HarleyQueen8"]
[Result "1-0"]
[ICCResult "Black checkmated"]
[WhiteElo "2069"]
[BlackElo "1900"]
[Opening "QGA: classical, 6...a6"]
[ECO "D27"]
[NIC "QG.07"]
[Time "17:46:19"]
[TimeControl "2400+10"]

1. d4 d5 2. c4 dxc4 3. e3 Nf6 4. Bxc4 e6 5. Nf3 c5 6. O-O a6 7. dxc5 Qxd1 8.
Rxd1 Bxc5 9. Nbd2 Nc6 10. Be2 Ke7 11. b3 b5 12. a4 b4 13. Bb2 Bb7 14. Rac1
Bb6 15. Nc4 Bc7 16. Nce5 Bxe5 17. Nxe5 Rhc8 18. Bf3 Nxe5 19. Bxb7 Rxc1 20.
Rxc1 Ra7 21. Bxa6 Rxa6 22. Bxe5 Ra7 23. Rc4 Rb7 24. e4 g6 25. Rc7+ Rxc7 26.
Bxc7 Nxe4 27. Ba5 Kd7 28. Bxb4 Nf6 29. f3 Nd5 30. Bd2 Kc6 31. Kf2 Kc5 32.
Ke2 Kd4 33. b4 Kc4 34. b5 Kc5 35. Kd3 Nc7 36. Be3+ Kd5 37. Kc3 Kd6 38. Kc4
Ne8 39. a5 Kc7 40. Bf4+ Kb7 41. a6+ Kb6 42. Be3+ Kc7 43. b6+ Kc6 44. b7 Nd6+
45. Kb4 Nxb7 46. a7 Kd6 47. a8=Q Ke5 48. Qxb7 f5 49. Qg7+ Kd5 50. Qd4+ Kc6
51. Bf4 g5 52. Qd6+ Kb7 53. Qc7+ Ka6 54. Kc5 gxf4 55. Qb6# {Black
checkmated} 1-0

[Event "ICC tourney 2626 (40 10)"]
[Site "Internet Chess Club"]
[Date "2021.07.10"]
[Round "4"]
[White "FILIPOVICH, DAVID MICHAEL:dmfcan"]
[Black "YERRA, SAI SNEHA:saisneha"]
[Result "1-0"]
[ICCResult "Black forfeits on time"]
[WhiteElo "2150"]
[BlackElo "1950"]
[Opening "Réti opening"]
[ECO "A05"]
[NIC "QP.11"]
[Time "17:46:19"]
[TimeControl "2400+10"]

1. Nf3 Nf6 2. g3 d5 3. Bg2 e6 4. O-O c5 5. d4 Nc6 6. c4 dxc4 7. Ne5 Nd5 8.
Nxc6 bxc6 9. Na3 Be7 10. Nxc4 O-O 11. dxc5 Bxc5 12. b3 Qe7 13. Bb2 Rd8 14.
Qc2 Ba6 15. a3 Rab8 16. b4 Bb6 17. Nxb6 axb6 18. Rfd1 Bb7 19. Bd4 e5 20. Bb2
Qe6 21. e4 Ne7 22. Bf1 Ng6 23. Rxd8+ Rxd8 24. Rd1 Qe7 25. h4 Rd6 26. Bc4 Qd7
27. Bb3 Rxd1+ 28. Qxd1 Qxd1+ 29. Bxd1 f6 30. a4 Kf7 31. f3 Ke7 32. Kf2 Kd6
33. Ke3 Ne7 34. Bb3 b5 35. a5 h6 36. f4 exf4+ 37. gxf4 Kc7 38. Bd4 Ng6 39.
h5 Ne7 40. Bc2 Kd7 41. Bc5 Nc8 42. e5 fxe5 43. Bf5+ Ke8 44. fxe5 Ne7 45.
Bxe7 Kxe7 46. Kd4 Kd8 47. Kc5 Kc7 48. Be4 {Black forfeits on time} 1-0

[Event "ICC tourney 2626 (40 10)"]
[Site "Internet Chess Club"]
[Date "2021.07.10"]
[Round "4"]
[White "Bian, Erin:funpawn"]
[Black "YE, STEPHEN:Monkeee"]
[Result "1/2-1/2"]
[ICCResult "Game drawn by mutual agreement"]
[WhiteElo "1840"]
[BlackElo "1980"]
[Opening "Sicilian: Najdorf, Byrne (English) attack"]
[ECO "B90"]
[NIC "SI.14"]
[Time "17:46:26"]
[TimeControl "2400+10"]

1. e4 c5 2. Nf3 d6 3. d4 cxd4 4. Nxd4 Nf6 5. Nc3 a6 6. Be3 e5 7. Nb3 Be6 8.
h3 Be7 9. f4 exf4 10. Bxf4 Nc6 11. Qe2 Qc7 12. O-O-O O-O 13. g4 Nd7 14. Nd5
Bxd5 15. exd5 Nce5 16. Nd4 Rfe8 17. Qg2 Bf8 18. h4 Rac8 19. h5 Qa5 20. Kb1
Nc4 21. Nb3 Qb4 22. Bxc4 Rxc4 23. Bd2 Qa4 24. g5 Rg4 25. Qh3 Ne5 26. g6 fxg6
27. hxg6 h6 28. Bc3 Rxg6 29. Rhg1 Qe4 30. Rxg6 Nxg6 31. Re1 Qxe1+ 32. Bxe1
Rxe1+ 33. Nc1 Kh7 34. b3 Be7 35. Kb2 Bf6+ 36. c3 Re5 37. Qd3 h5 38. Ne2 Kh6
39. Ng3 Ne7 40. Qd2+ Bg5 41. Qd1 g6 42. c4 h4 43. Nh1 Nf5 44. Nf2 Ne3 45.
Ng4+ Nxg4 46. Qxg4 Rf5 47. a4 Rf4 48. Qc8 Bf6+ 49. Ka3 Bd4 50. b4 Rf5 51. c5
dxc5 52. d6 cxb4+ 53. Kb3 Bf6 54. d7 Rd5 55. Qxb7 Rd3+ 56. Kxb4 h3 57. Qxa6
Be7+ 58. Kc4 Rxd7 59. Qe6 Rc7+ 60. Kb5 Rc5+ 61. Kb6 Rh5 62. Qxe7 h2 63. Qe3+
Kh7 64. Qe7+ Kh6 65. Qe3+ {Game drawn by mutual agreement} 1/2-1/2

[Event "ICC tourney 2626 (40 10)"]
[Site "Internet Chess Club"]
[Date "2021.07.10"]
[Round "4"]
[White "Volkov, Sergey:Volkov"]
[Black "CHEN, JUSTIN:justinchess"]
[Result "1-0"]
[ICCResult "Black resigns"]
[WhiteElo "2607"]
[BlackElo "2383"]
[Opening "Nimzo-Indian: Kmoch variation"]
[ECO "E20"]
[NIC "NI.30"]
[Time "17:46:13"]
[TimeControl "2400+10"]

1. d4 Nf6 2. c4 e6 3. Nc3 Bb4 4. f3 d5 5. a3 Bxc3+ 6. bxc3 c6 7. e4 dxe4 8.
fxe4 e5 9. Nf3 Qa5 10. Qd3 exd4 11. Bd2 dxc3 12. Bxc3 Qc5 13. Bb4 Qb6 14.
O-O-O Na6 15. Bd6 Be6 16. e5 Ng4 17. Nd4 Nf2 18. Qg3 Nxd1 19. Nxe6 fxe6 20.
Qh4 Qd8 21. Qg4 Qd7 22. Qxd1 O-O-O 23. Be2 Nc7 24. Qa4 Ne8 25. Qxa7 Nxd6 26.
Rd1 Qc7 27. exd6 Qb8 28. d7+ Kc7 29. Qd4 b6 30. Bf3 Kb7 31. c5 Rhf8 32. Qb2
Qc7 33. Rd6 Rxf3 34. gxf3 Rxd7 35. Qxb6+ Ka8 36. Qxc7 Rxc7 37. Kd2 Ra7 38.
Rd8+ Kb7 39. Rd7+ Ka6 40. Rxa7+ Kxa7 41. Kd3 Ka6 42. Kd4 Kb5 43. f4 g6 44.
h4 h5 45. Ke5 Kxc5 46. Kxe6 Kd4 47. Kf6 c5 48. Kxg6 c4 49. f5 c3 50. f6 c2
51. f7 c1=Q 52. f8=Q Qg1+ 53. Kxh5 Qd1+ 54. Kh6 Qc1+ 55. Kh7 Qc2+ 56. Kh8
Qh2 57. Qf6+ Kc4 58. Qe7 Kb5 59. Qb4+ Ka6 60. Qc4+ Ka5 61. a4 Qe5+ 62. Kh7
Qf5+ 63. Kg7 Qe5+ 64. Kg6 Qe8+ 65. Kg5 Qd8+ 66. Kf5 Qd7+ 67. Kf4 Qd2+ 68.
Ke5 Qh2+ 69. Kd5 Qg2+ 70. Qe4 Qg8+ 71. Kd4 Qg1+ 72. Kc4 Qc1+ 73. Kd5 Qc8 74.
Qf4 Qd7+ 75. Ke5 Qc7+ 76. Kf5 Qd7+ 77. Kg5 Qg7+ 78. Kh5 Qh7+ 79. Kg4 Qb7 80.
Qd2+ Ka6 81. Qd3+ Ka7 82. Qd4+ Ka6 83. Qc4+ Ka7 84. Qc5+ Ka8 85. Qa5+
{Black resigns}
1-0